 Dungeon Crawl Stone Soup version 0.19-a0-994-g3c636f0 (webtiles) character file.

137 Charly the Sneak (level 5, -7/24 HPs)
             Began as a Spriggan Enchanter on July 17, 2016.
             Killed from afar by an adder (9 damage)
             ... with an exploding inner flame
             ... hexed by the player character
             ... on level 5 of the Dungeon.
             The game lasted 00:16:10 (570 turns).

Charly the Sneak (Spriggan Enchanter)                Turns: 570, Time: 00:16:11

Health: -7/24      AC:  7    Str:  4    XL:     5   Next: 0%
Magic:  3/10       EV: 18    Int: 16    God:
Gold:   31         SH:  2    Dex: 18    Spells: 4 memorised, 0 levels left

rFire  + . .     SeeInvis +     a - +1 dagger
rCold  + . .     Gourm    .     b - +1 robe
rNeg   . . .     Faith    .     (shield restricted)
rPois  +         Spirit   .     (helmet restricted)
rElec  +         Dismiss  .     (no cloak)
rCorr  +         Reflect  .     (gloves unavailable)
SustAt .         Harm     .     (boots unavailable)
MR     .....                    (no amulet)
Stlth  ++++......               (no ring)
                                m - +2 ring of protection

@: resistant, very slightly contaminated, very quick, not resistant to hostile
enchantments, stealthy
A: unfitting armour, large bone plates 1, see invisible, herbivore 3, speed 3,
slow metabolism 2
a: no special abilities


You were on level 5 of the Dungeon.
You were not hungry.

You visited 1 branch of the dungeon, and saw 5 of its levels.

You collected 31 gold pieces.

Inventory:

Hand Weapons
 a - a +1 dagger (weapon)
Armour
 b - a +1 robe (worn)
Jewellery
 m - a +2 ring of protection (left hand)
Wands
 l - a wand of paralysis (0/24)
Potions
 f - a potion of might
 h - a potion of cancellation
Books
 c - a book of Maledictions

   Spells                             Type                      Level
   a - Corona                         Hexes                        1
   b - Ensorcelled Hibernation        Hexes/Ice                    2
   c - Confuse                        Hexes                        3
   d - Tukima's Dance                 Hexes                        3
   e - Dazzling Spray                 Conjuration/Hexes            3
Comestibles
 d - a bread ration


   Skills:
 - Level 1.1 Short Blades
 - Level 3.0 Dodging
 + Level 7.0 Stealth
 - Level 2.6 Spellcasting
 + Level 5.4 Hexes


You couldn't memorise any spells.
You knew the following spells:

 Your Spells              Type           Power        Failure   Level  Hunger
a - Corona                Hex            ###....      1%          1    #......
c - Confuse               Hex            ###.....     8%          3    ###....
d - Dazzling Spray        Conj/Hex       ##....       21%         3    ###....
h - Ensorcelled Hibernat  Hex/Ice        ##....       12%         2    ##.....


Dungeon Overview and Level Annotations

Branches:
Dungeon (5/15)             Temple (0/1) D:5

Altars:

Annotations:
D:4 Dowan, Duvessa, Edmund


Innate Abilities, Weirdness & Mutations

You are tiny and cannot use many weapons and most armour.
You have supernaturally acute eyesight. (SInv)
You are a herbivore.
You cover ground extremely quickly.
You need consume almost no food.
You are partially covered in large bone plates. (AC +2, SH +2)


Message History

The adder is lightly wounded.
The adder barely misses you. The centaur skeleton misses you.
The centaur skeleton completely misses you.
The adder closely misses you.
You hit the adder.
The adder is heavily wounded.
The adder misses you.
The centaur skeleton hits you but does no damage.
You hit the adder.
The adder is severely wounded.
The centaur skeleton hits you.
* * * LOW HITPOINT WARNING * * *
The adder barely misses you.
You hit the adder.
The adder is almost dead.
The adder closely misses you. The centaur skeleton barely misses you.
You hit the adder.
The adder explodes!
The fiery explosion engulfs you! You resist.
You die...

*,* #..# #.###.# *,*
#..###.....# *,*
#...[...#..# #,*
##.####...## #.###*
#.# ##.##
#....#####.# #.#
***,,#<......# #.#
,,,,*##.##########§#
***,,#.........Z@§§#
*,...#.###########
#.#.#*.# #,..,*.#***
*##.,,..,,* ***
#,,,..,,* ,,*
*,,,...,* *,*
**,,,,,,* *,*
*,,,,,,*


You could see a centaur skeleton (inner flame).

Vanquished Creatures
  A scorpion (D:4)
  An orc wizard (D:4)
  A worker ant (D:4)
  3 adders
  A giant gecko (D:4)
  An orc (D:3)
  A bat (D:2)
  2 giant cockroaches
  2 jackals (D:2)
  3 rats
16 creatures vanquished.

Notes
Turn   | Place    | Note
-------+----------+-------------------------------------------
     0 | D:1      | Charly the Spriggan Enchanter began the quest for the Orb.
     0 | D:1      | Reached XP level 1. HP: 9/9 MP: 5/5
    68 | D:3      | Noticed an orc wizard
   112 | D:2      | Reached skill level 5 in Stealth
   112 | D:2      | Reached XP level 2. HP: 12/13 MP: 4/6
   116 | D:2      | Learned a level 2 spell: Ensorcelled Hibernation
   171 | D:3      | Reached XP level 3. HP: 11/16 MP: 2/8
   205 | D:4      | Learned a level 3 spell: Confuse
   221 | D:4      | Noticed a scorpion
   228 | D:4      | Killed a scorpion
   228 | D:4      | Reached skill level 6 in Stealth
   228 | D:4      | Reached skill level 5 in Hexes
   228 | D:4      | Reached XP level 4. HP: 7/21 MP: 0/9
   350 | D:4      | Noticed Duvessa
   350 | D:4      | Noticed Dowan
   362 | D:4      | Noticed Edmund
   411 | D:4      | Reached skill level 7 in Stealth
   411 | D:4      | Reached XP level 5. HP: 13/24 MP: 2/10
   493 | D:5      | Entered Level 5 of the Dungeon
   500 | D:5      | Learned a level 3 spell: Dazzling Spray
   563 | D:5      | Gained mutation: You regenerate slowly when monsters are visible. [potion of mutation]
   563 | D:5      | Gained mutation: You are partially covered in large bone plates. (AC +2, SH +2) [potion of mutation]
   563 | D:5      | Lost mutation: You regenerate slowly when monsters are visible. [potion of mutation]
   570 | D:5      | Killed from afar by an adder

Vault maps used:
D:1:      onia_arrival_handbag
D:2:      nemelex_altar_shiori
D:4:      nicolae_ossuary_entry_giza, minmay_misc_feat_hallway, uniq_edmund,
          uniq_duvessa, uniq_eustachio
D:5:      kb_xom_exploding_sheep, first_bread, grunt_decor_cap, uniq_menkaure

Skill      XL: |  1  2  3  4 |
---------------+-------------+-----
Stealth        | 5 6 7 |  7.0
Hexes          | 4 5 |  5.4
Short Blades   | |  1.1
Dodging        | |  3.0
Spellcasting   | |  2.6

Action                   |  1- 3 |  4- 6 || total
-------------------------+-------+-------++-------
Melee: Dagger            |    33 |    11 ||    44
 Cast: Corona            |     1 |       ||     1
       Ensorcelled Hiber |     4 |    10 ||    14
Evoke: Wand              |       |     3 ||     3
  Use: Scroll            |       |     6 ||     6
       Potion            |       |     3 ||     3
 Stab: Sleeping          |     7 |     3 ||    10
       Paralysed         |       |     1 ||     1
Armor: Robe              |     3 |     3 ||     6
Dodge: Dodged            |    21 |    29 ||    50
Block: Other             |       |     2 ||     2
